 Dungeon Crawl Stone Soup version 0.17-a0-1141-g3e25b61 (webtiles) character file.

172 onwiheg the Cudgeler (level 5, -4/41 HPs)
             Began as a Formicid Berserker on May 26, 2015.
             Was a Believer of Trog.
             Slain by Grinder (6 damage)
             ... on level 3 of the Dungeon.
             The game lasted 00:10:09 (2361 turns).

onwiheg the Cudgeler (Formicid Berserker)           Turns: 2361, Time: 00:10:09

Health: -4/41      AC: 10    Str: 23    XL:     5   Next: 82%
Magic:  5/5        EV:  7    Int:  6    God:    Trog [**....]
Gold:   137        SH:  0    Dex: 10    Spells: 0 memorised, 4 levels left

rFire  . . .     SeeInvis +     m - +3 whip
rCold  . . .     Clarity  .     r - +0 plate armour
rNeg   . . .     SustAt   .     (no shield)
rPois  .         Gourm    .     (helmet unavailable)
rElec  .         Spirit   .     (no cloak)
rCorr  .         Warding  .     (no gloves)
rMut   .         Stasis   +     (no boots)
MR     .....                    (no amulet)
Stlth  ..........               (no ring)
                                (no ring)

@: not resistant to hostile enchantments, extremely unstealthy
A: permanent stasis, dig shafts and tunnels, four strong arms, antennae 3
a: Dig, Shaft Self, Burn Spellbooks, Trog's Hand, Renounce Religion


You were on level 3 of the Dungeon.
You worshipped Trog.
Trog was pleased with you.
You were not hungry.

You visited 1 branch of the dungeon, and saw 3 of its levels.

You collected 137 gold pieces.

Inventory:

Hand weapons
 a - a +0 mace
 m - a +3 whip (weapon)
Missiles
 d - 3 curare-tipped needles
 i - 14 poisoned needles
Armour
 b - a +0 animal skin
 r - a +0 plate armour (worn)
Scrolls
 e - 2 scrolls of teleportation {unknown}
 f - 3 scrolls of fog {unknown}
 l - a scroll of blinking {unknown}
 n - 3 scrolls of amnesia {unknown}
 o - 4 scrolls of identify {unknown}
 s - a scroll of remove curse {unknown}
 t - a scroll of enchant weapon {unknown}
 w - a scroll of enchant armour {unknown}
Potions
 h - 2 potions of might
 j - a potion of cancellation {unknown}
 k - a potion of haste {unknown}
 p - 2 potions of degeneration {unknown}
 q - 2 potions of brilliance {unknown}
 u - a potion of agility {unknown}
 v - a potion of magic {unknown}
Comestibles
 c - 4 bread rations
 g - a beef jerky


   Skills:
 - Level 3.2 Fighting
 + Level 6.0 Maces & Flails
 - Level 2.1 Armour
 - Level 1.7 Dodging


You had 4 spell levels left.
You didn't know any spells.

Dungeon Overview and Level Annotations

Branches:
Dungeon (3/15)

Altars:
Dithmenos
Qazlal

Annotations:
D:3 Grinder


Innate Abilities, Weirdness & Mutations

You are under a permanent stasis effect.
You can dig through walls and to a lower floor.
Your four strong arms can wield two-handed weapons with a shield.
You have a pair of large antennae on your head (SInv).


Message History

You hit Grinder.
Grinder is severely wounded.
Grinder hits you.
You hit Grinder.
Grinder is severely wounded.
Grinder hits you.
You writhe in agony.
You hit Grinder but do no damage.
Grinder is severely wounded.
Drink which item? (? for menu, Esc to quit)
Okay, then.
You hit Grinder.
Grinder is almost dead.
Grinder hits you.
You writhe in agony.
* * * LOW HITPOINT WARNING * * *
You hit Grinder.
Grinder is almost dead.
Grinder hits you.
* * * LOW HITPOINT WARNING * * *
You writhe in agony.
You die...

#.. ###.#..#.# #..#
#....... #..# . #.......
# #..# #.####....#.. #.#
#..# #............
#...##... ..........##.
.......<#########..#.###
#..................#.#
......)@#########.##.###
######.5# ####.... #..#
##### #..# #..# ##.# ###


You could see Grinder.

Vanquished Creatures
  The ghost of Xoff the Sneak, an average OpWz (D:3)
  4 giant geckos
  An orc (D:3)
  2 ball pythons
  4 giant cockroaches
  11 hobgoblins
  4 bats
  4 giant newts
  8 goblins
  5 kobolds
  A quokka (D:3)
  8 rats
53 creatures vanquished.

Notes
Turn   | Place    | Note
--------------------------------------------------------------
     0 | D:1      | onwiheg the Formicid Berserker began the quest for the Orb.
     0 | D:1      | Reached XP level 1. HP: 18/18 MP: 1/1
    75 | D:1      | Reached XP level 2. HP: 13/24 MP: 2/2
   235 | D:1      | Reached skill level 4 in Maces & Flails
   235 | D:1      | Reached XP level 3. HP: 9/29 MP: 3/3
   510 | D:1      | Acquired Trog's second power
   931 | D:2      | Found a shadowy altar of Dithmenos.
   934 | D:2      | Found a stormy altar of Qazlal.
  1453 | D:2      | Found a stormy altar of Qazlal.
  1456 | D:2      | Noticed a water elemental
  1456 | D:2      | Noticed an air elemental
  1457 | D:2      | Noticed a fire elemental
  1457 | D:2      | Noticed an earth elemental
  1489 | D:2      | Reached XP level 4. HP: 35/35 MP: 4/4
  1814 | D:3      | Noticed Xoff's ghost (average OpWz)
  1827 | D:3      | Killed Xoff's ghost
  1827 | D:3      | Reached skill level 6 in Maces & Flails
  1827 | D:3      | Reached XP level 5. HP: 17/41 MP: 5/5
  2344 | D:3      | Noticed Grinder
  2361 | D:3      | HP: 2/41 [Grinder (5)]
  2361 | D:3      | Slain by Grinder

Vault maps used:
D:1:      dpeg_arrival_rooms_a
D:2:      nicolae_overflow_hidden_temple, serial_glass, glass_columns_b,
          glass_columns_b, minmay_liquid_box, nicolae_qazlal_style_of_elements
D:3:      hex_intersection, uniq_grinder

Action                   |  1- 3 |  4- 6 || total
-------------------------+-------+-------++-------
Melee: Mace              |    81 |       ||    81
       Whip              |    58 |    45 ||   103
Invok: Trog's Hand       |       |     1 ||     1
 Abil: Dig               |     5 |       ||     5
  Use: Potion            |       |     1 ||     1
 Stab: Sleeping          |     2 |       ||     2
       Distracted        |     1 |       ||     1
  Eat: Chunk             |     2 |     1 ||     3
       Meat ration       |       |     1 ||     1
